 Dungeon Crawl Stone Soup version 0.22.1-1-ga44c0e5 (webtiles) character file.

689 harcile the Slasher (level 7, -21/61 HPs)
             Began as a Hill Orc Fighter on Oct 20, 2018.
             Demolished by a two-headed ogre
             ... wielding a cursed -3 giant spiked club
              (32 damage)
             ... on level 4 of the Dungeon.
             The game lasted 00:09:19 (3439 turns).

harcile the Slasher (Hill Orc Fighter)              Turns: 3439, Time: 00:09:20

Health: -21/61     AC:  8    Str: 25    XL:     7   Next: 63%
Magic:  7/7        EV:  8    Int:  8    God:
Gold:   206        SH: 11    Dex: 11    Spells: 6/6 levels left

rFire    . . .     SeeInvis .   a - +0 long sword
rCold    . . .     Gourm    +   c - +1 shield
rNeg     . . .     Faith    .   b - +0 scale mail
rPois    .         Spirit   .   o - +0 helmet
rElec    .         Reflect  .   (no cloak)
rCorr    +         Harm     .   (no gloves)
MR       .....                  (no boots)
Stlth    ..........             n - amulet of the gourmand
HPRegen  0.20/turn              k - ring of resist corrosion
MPRegen  0.10/turn              (no ring)

@: mighty
A: no striking features
a: no special abilities


You were on level 4 of the Dungeon.
You were completely stuffed.

You visited 1 branch of the dungeon, and saw 4 of its levels.

You collected 206 gold pieces.

Inventory:

Hand Weapons
 a - a +0 long sword (weapon)
 p - a +2 flail of holy wrath
 u - a +1 scythe of holy wrath
 v - a +0 flail of protection
Armour
 b - a +0 scale mail (worn)
 c - a +1 shield (worn)
 o - a +0 helmet (worn)
Jewellery
 j - an uncursed amulet of magic regeneration
 k - a ring of resist corrosion (left hand)
 n - an amulet of the gourmand (around neck)
 t - an uncursed ring of magical power {unknown}
Wands
 s - a wand of polymorph (21)
 w - a wand of digging (18)
Scrolls
 e - 7 scrolls of identify
 q - a scroll of random uselessness
 x - a scroll of amnesia {unknown}
Potions
 d - 3 potions of might
 g - a potion of agility
 h - a potion of curing {unknown}
 i - a potion of heal wounds {unknown}
 l - 4 potions of haste {unknown}
 m - a potion of brilliance {unknown}
 r - 2 potions of berserk rage {unknown}
 z - a potion of invisibility {unknown}
Comestibles
 f - 5 rations


   Skills:
 + Level 5.2 Fighting
 + Level 5.7 Long Blades
 + Level 5.4 Armour
 + Level 5.4 Shields
 + Level 0.4 Unarmed Combat


You had 6 spell levels left.
You didn't know any spells.
Your spell library was empty.

Dungeon Overview and Level Annotations

Branches:
Dungeon (4/15)
 Temple: D:4-7

Altars:
Fedhas
Makhleb
Xom


Message History

A two-headed ogre comes into view.
It is wielding a giant spiked club and a The two-headed ogre moves out of view.
The two-headed ogre is too close now for your liking.
You feel very mighty all of a sudden.
You slash the two-headed ogre!
The two-headed ogre is moderately wounded.
The two-headed ogre hits you with a giant spiked club!
* * * LOW HITPOINT WARNING * * *
The two-headed ogre barely misses you.
You slice the two-headed ogre!!
The two-headed ogre is heavily wounded.
The two-headed ogre barely misses you.
You riposte.
You slash the two-headed ogre!
The two-headed ogre is severely wounded.
You block the two-headed ogre's attack.
You slash the two-headed ogre!
The two-headed ogre is almost dead.
The two-headed ogre hits you with a giant spiked club!!
Ouch! That really hurt!
You die...

##....##### #....##...##....# #
#........#####.###.##.##...####
########.(...#...).##..#...#...
#.###.#.###.###.#...#.##
#.....#.###.# #.#####.##
#####.#.....###.#####.##
#.....#...........##
###.#.#.............
#@..#..........###
#O#.#####..##### # ######.#.#
##.## # #....#.#.# #..# #
#....#.#.# ##.## # #......#.#
##..### # #....#.#.# #.....# #
#....#.#.# #.....# # #..:.#.#
#.....# #


You could see a two-headed ogre.

Vanquished Creatures
  2 big kobolds (D:3)
  A scorpion (D:4)
  A bullfrog skeleton (D:4)
  A hound (D:4)
  4 orc wizards (D:4)
  An orc priest (D:3)
  A worker ant (D:4)
  Natasha (thrice) (D:3)
  An iguana (D:4)
  Robin (D:3)
  7 adders
  3 worms
  4 dart slugs
  3 leopard geckos
  12 orcs (D:4)
  A ball python (D:3)
  4 giant cockroaches
  11 goblins
  11 hobgoblins
  15 kobolds
  2 quokkas
  5 bats
  3 frilled lizards
  A jackal skeleton (D:4)
  7 rats
105 creatures vanquished.

Notes
Turn   | Place    | Note
-------+----------+-------------------------------------------
     0 | D:1      | harcile the Hill Orc Fighter began the quest for the Orb.
     0 | D:1      | Reached XP level 1. HP: 19/19 MP: 1/1
   130 | D:1      | Reached XP level 2. HP: 8/27 MP: 2/2
   730 | D:1      | Reached XP level 3. HP: 33/33 MP: 3/3
  1443 | D:2      | Reached XP level 4. HP: 23/40 MP: 4/4
  1908 | D:3      | Noticed Robin
  1919 | D:3      | Killed Robin
  2024 | D:3      | Reached XP level 5. HP: 41/47 MP: 5/5
  2132 | D:3      | Noticed a big kobold
  2137 | D:3      | Noticed a big kobold
  2163 | D:3      | Killed a big kobold
  2173 | D:3      | Killed a big kobold
  2173 | D:3      | Reached XP level 6. HP: 44/53 MP: 6/6
  2239 | D:3      | Noticed Natasha
  2252 | D:3      | Killed Natasha
  2298 | D:3      | Found a burning altar of Makhleb.
  2364 | D:3      | Noticed Natasha
  2370 | D:3      | Killed Natasha
  2405 | D:3      | Found a shimmering altar of Xom.
  2687 | D:3      | Noticed Natasha
  2695 | D:3      | Killed Natasha
  2814 | D:3      | Reached skill level 5 in Shields
  2889 | D:4      | Reached skill level 5 in Long Blades
  2965 | D:4      | Reached XP level 7. HP: 55/60 MP: 7/7
  3019 | D:4      | Reached skill level 5 in Armour
  3042 | D:4      | Reached skill level 5 in Fighting
  3156 | D:4      | Found a blossoming altar of Fedhas.
  3429 | D:4      | Noticed a two-headed ogre
  3439 | D:4      | Demolished by a two-headed ogre

Skill      XL: |  1  2  3  4  5  6  7 |
---------------+----------------------+-----
Fighting       | 4 5 |  5.2
Shields        | 4 5 |  5.4
Long Blades    | 3 4 5 |  5.7
Armour         | 4 5 |  5.4
Unarmed Combat | |  0.4

Action                   |  1- 3 |  4- 6 |  7- 9 || total
-------------------------+-------+-------+-------++-------
Melee: Long sword        |   114 |   237 |   107 ||   458
       Unarmed           |       |     7 |       ||     7
  Use: Scroll            |       |       |     4 ||     4
       Potion            |       |       |     1 ||     1
 Stab: Confused          |       |     1 |       ||     1
  Eat: Chunk             |     2 |    15 |     2 ||    19
Armor: Scale mail        |    55 |    71 |    34 ||   160
       Skin              |       |     2 |       ||     2
Dodge: Dodged            |    33 |    48 |    22 ||   103
Block: Shield            |    71 |   101 |    45 ||   217
       Rpst.: Long sword |    14 |    13 |     7 ||    34
